 Dungeon Crawl Stone Soup version 0.27.0-66-gdc8fb28755 (webtiles) character file.

Game seed: 16313615403617696505

21 ZARRMARR the Poker (level 2, 0/23 HPs)
             Began as a Merfolk Gladiator on Aug 19, 2021.
             Slain by a kobold (19 damage)
             ... on level 1 of the Dungeon.
             The game lasted 00:02:46 (203 turns).

ZARRMARR the Poker (Merfolk Gladiator)               Turns: 203, Time: 00:02:47

Health: 0/23       AC:  4    Str: 14    XL:     2   Next: 83%
Magic:  2/2        EV: 13    Int:  7    God:
Gold:   25         SH:  0    Dex: 15    Spells: 1/1 levels left

rFire    . . .     SeeInvis .   a - +0 trident
rCold    . . .     Faith    .   (no shield)
rNeg     + . .     Spirit   .   b - +0 leather armour
rPois    .         Reflect  .   c - +0 helmet
rElec    .         Harm     .   (no cloak)
rCorr    .         Rampage  .   (no gloves)
Will     .....                  (no boots)
Stlth    +.........             (no amulet)
HPRegen  0.07/turn              g - ring of positive energy
MPRegen  0.08/turn              (no ring)

@: no status effects
A: (nimble swimmer 2), mertail
a: no special abilities


You were on level 1 of the Dungeon.
You visited 1 branch of the dungeon, and saw 1 of its levels.

You collected 25 gold pieces.

Inventory:

Hand Weapons
 a - a +0 trident (weapon)
Missiles
 d - 3 throwing nets (quivered)
Armour
 b - a +0 leather armour (worn)
 c - a +0 helmet (worn)
Jewellery
 g - a ring of positive energy (left hand)
Scrolls
 e - a scroll of vulnerability {unknown}
Potions
 f - 2 potions of might {unknown}


   Skills:
 + Level 2.3 Fighting
 + Level 5.1 Polearms
 + Level 2.1 Throwing
 + Level 4.5 Dodging


You had one spell level left.
You didn't know any spells.
Your spell library was empty.

Dungeon Overview and Level Annotations

Branches:
Dungeon (1/15)

Altars:


Innate Abilities, Weirdness & Mutations

((You are quick and stealthy near water. (Stealth+, EV+, Speed+++)))
Your lower body shifts to a powerful aquatic tail in water.


Message History

You kill the jackal!
The jackal closely misses you.
Your Polearms skill increases to level 5!
You hit the jackal.
You kill the jackal!
Reach: a) +0 trident
Press: ? - help, Dir - move target, f - endoplasm
Aim: an endoplasm (about 14% to evade your +0 trident)
You reach to attack!
You hit the endoplasm.
The endoplasm is moderately wounded.
A kobold comes into view.
It is wielding a +1 short sword of electrocution.
Unknown command.
Number of times to repeat, then command key: You must enter the number of times for the command to repeat.
Unknown command.
The kobold shouts!
You hit the endoplasm.
You kill the endoplasm!
The jackal closely misses you.
You hit the jackal.
The jackal is severely wounded.
The jackal closely misses you.
You hit the jackal.
You kill the jackal!
The giant cockroach closely misses you.
You puncture the giant cockroach!
You kill the giant cockroach!
Reach: a) +0 trident
Press: ? - help, Dir - move target, f - kobold
Aim: a kobold, wielding a +1 short sword of electrocution and quivering stones (about 47% to evade your +0 trident)
You reach to attack!
You hit the kobold.
The kobold is heavily wounded.
Unknown command.
You closely miss the kobold.
The kobold is heavily wounded.
The kobold hits you but does no damage.
The kobold hits you with a +1 short sword of electrocution.
You are electrocuted!!
Ouch! That really hurt!
You die...

##(. #.. #(.#...#.
#....#.. #..#...#. #
#(...#... # #......#. #
#†K...... #######
#####@†...... ......##
#...........[ #####..#
#............
...###.#####............
....#...................
........................
........>..............#
.......................#
....#.................##


You could see a kobold.

Vanquished Creatures
  A dart slug (D:1)
  4 endoplasms (D:1)
  A giant cockroach (D:1)
  A hobgoblin (D:1)
  4 jackals (D:1)
  A bat (D:1)
  A frilled lizard (D:1)
  2 kobolds (D:1)
  2 rats (D:1)
17 creatures vanquished.

Notes
Turn   | Place    | Note
-------+----------+-------------------------------------------
     0 | D:1      | ZARRMARR the Merfolk Gladiator began the quest for the Orb.
     0 | D:1      | Reached XP level 1. HP: 16/16 MP: 1/1
    41 | D:1      | Reached XP level 2. HP: 22/22 MP: 2/2
   196 | D:1      | Reached skill level 5 in Polearms
   203 | D:1      | Slain by a kobold

Illustrated notes

Levels and vault maps discovered:
D:1:      tarquinn_simple_flora_water_d, layout_rooms, hex_medium

Skill      XL: |  1  2 |
---------------+-------+-----
Polearms       | 5 |  5.1
Fighting       | |  2.3
Throwing       | |  2.1
Dodging        | |  4.5

Action                   || total
-------------------------++-------
Melee: Trident           ||    29
Throw: Stone             ||     4
       Throwing net      ||     1
Armor: Leather armour    ||     3
Dodge: Dodged            ||     9
